AoeStats
← LuisSW

Oasis

510016338Analyzed
3v3 RM · 3d ago on Sep 29, 2026· 19m 20s· 6 players
Game mode
Random Map
Map size
Normal (6 player)
Population
200
Speed
Normal
Resources
Standard
Victory
Conquest
Starting age
Dark Age
Ending age
Imperial Age
RankedLock teamsTeams togetherTeam positionsShared explorationLock speedFull tech treeHidden civsTurbo modeCheats
Victory
Defeat
🇩🇪 Saxons · Germany
896
+15
🇺🇸 Poles · United States
858
+17
🇺🇸 Japanese · United States
834
+18
🇨🇱 Japanese · Chile
889
-17
🇨🇱 Koreans · Chile
875
-17
🇨🇱 Franks · Chile
863
-16
TocTheYoungr
8:31 Loom
10:29 Feudal Age
10:42 Man-at-Arms
11:11 Double-Bit Axe
13:15 Horse Collar
16:41 Arson
16:59 Scale Mail Armor
17:43 Wheelbarrow
17:57 Forging
21:40 Castle Age
Charles Revenge
0:32 Loom
11:09 Feudal Age
13:12 Wheelbarrow
14:24 Double-Bit Axe
15:25 Horse Collar
21:53 Castle Age
TTVBrophetLIVE
10:19 Feudal Age
11:41 Horse Collar
dameoroSW
10:46 Feudal Age
9:03 Loom
10:51 Feudal Age
17:29 Castle Age
17:21 Double-Bit Axe
19:02 Forging
LuisSW
0:38 Loom
11:30 Feudal Age
17:57 Castle Age
16:46 Man-at-Arms
RCM_SW
0:31 Loom
Connection lost

Rejoining the realm…

Still unreachable

The connection could not be restored.

Session expired

The server has moved on; the page needs a fresh start.